 Dungeon Sprint DCSS version 0.23-a0-54-gae6112e (webtiles) character file.

6 Mgcat the Magician (level 1, -1/10 HPs)
             Began as a Deep Elf Fire Elementalist on Aug 8, 2018.
             Slain by a kobold
             ... wielding a +0 club
              (6 damage)
             ... in the Dungeon (Sprint IX: "|||||||||||||||||||||||||||||").
             The game lasted 00:00:20 (30 turns).

Mgcat the Magician (Deep Elf Fire Elementalist)       Turns: 30, Time: 00:00:21

Health: -1/10      AC:  2    Str:  5    XL:     1   Next: 75%
Magic:  0/7        EV: 13    Int: 19    God:
Gold:   0          SH:  0    Dex: 15    Spells: 7/8 levels left

rFire    . . .     SeeInvis .   (no weapon)
rCold    . . .     Gourm    .   (no shield)
rNeg     . . .     Faith    .   a - +0 robe
rPois    .         Spirit   .   (no helmet)
rElec    .         Reflect  .   (no cloak)
rCorr    .         Harm     .   (no gloves)
MR       .....     NoTele   +   (no boots)
Stlth    ++........             (no amulet)
HPRegen  0.03/turn              (no ring)
MPRegen  0.10/turn              (no ring)

@: no status effects
A: no striking features
a: no special abilities


You were in the Dungeon.
You were not hungry.

You visited 1 branch

Inventory:

Armour
 a - a +0 robe (worn)
Scrolls
 i - a scroll of blinking {!r}
Potions
 d - a potion of curing
 e - a potion of heal wounds
 f - a potion of haste
 g - 2 potions of magic
 h - a potion of berserk rage {!q}
Comestibles
 c - a ration


   Skills:
 - Level 2.4 Dodging
 - Level 2.4 Stealth
 + Level 4.1 Spellcasting
 + Level 2.3 Conjurations
 + Level 4.0 Fire Magic


You had 7 spell levels left.
You knew the following spells:

 Your Spells              Type           Power        Failure   Level  Hunger
a - Flame Tongue          Conj/Fire      ###..        3%          1    None

Your spell library contained the following spells:

 Spells                   Type           Power        Failure   Level  Hunger
 Fireball                 Conj/Fire      ###.......   69%         5    ######.
 Conjure Flame            Conj/Fire      ###.....     11%         3    ###....
 Throw Flame              Conj/Fire      ###...       5%          2    ##.....
 Sticky Flame             Conj/Fire      ###.....     34%         4    ####...
 Inner Flame              Hex/Fire       ##......     19%         3    ###....


Dungeon Overview and Level Annotations

Branches:
Dungeon (1/1)

Altars:


Message History

You hit the bat.
The bat is heavily wounded.
The bat misses you. x2
You hit the bat but do no damage.
The bat is heavily wounded.
The bat barely misses you. The bat hits you but does no damage.
You closely miss the bat.
The bat is heavily wounded.
The bat barely misses you. x2
You closely miss the bat.
The bat is heavily wounded.
The bat barely misses you. The bat hits you.
You hit the bat but do no damage.
The bat is heavily wounded.
The bat closely misses you. The bat hits you.
You barely miss the bat.
The bat is heavily wounded.
The bat hits you. The bat barely misses you.
Casting: Flame Tongue (safe; 5% risk of failure)
Confirm with . or Enter, or press ? or * to list all spells.
Aiming: Flame Tongue (safe; 5% risk of failure)
Press: ? - help, Shift-Dir - straight line, f - bat
Aim: a bat (heavily wounded)
The flame tongue hits the bat.
You kill the bat!
Casting: Flame Tongue (safe; 4% risk of failure)
Confirm with . or Enter, or press ? or * to list all spells.
Aiming: Flame Tongue (safe; 4% risk of failure)
Press: ? - help, Shift-Dir - straight line, f - dart slug
Aim: a dart slug (clinging)
The flame tongue hits the dart slug.
The dart slug is heavily wounded.
Casting: Flame Tongue (safe; 4% risk of failure)
Confirm with . or Enter, or press ? or * to list all spells.
Aiming: Flame Tongue (safe; 4% risk of failure)
Press: ? - help, Shift-Dir - straight line, f/p - dart slug
Aim: a dart slug (heavily wounded, clinging)
The flame tongue hits the dart slug.
The dart slug appears unharmed.
The dart slug is heavily wounded.
The dart slug closely misses you.
Casting: Flame Tongue (safe; 4% risk of failure)
Confirm with . or Enter, or press ? or * to list all spells.
Aiming: Flame Tongue (safe; 4% risk of failure)
Press: ? - help, Shift-Dir - straight line, f/p - dart slug
Aim: a dart slug (heavily wounded, clinging)
The flame tongue hits the dart slug.
The dart slug is severely wounded.
The dart slug bites you but does no damage.
Casting: Flame Tongue (safe; 4% risk of failure)
Confirm with . or Enter, or press ? or * to list all spells.
Aiming: Flame Tongue (safe; 4% risk of failure)
Press: ? - help, Shift-Dir - straight line, f/p - dart slug
Aim: a dart slug (severely wounded, clinging)
The flame tongue hits the dart slug.
You kill the dart slug!
Your Conjurations skill increases to level 2!
Casting: Flame Tongue (safe; 3% risk of failure)
Confirm with . or Enter, or press ? or * to list all spells.
Aiming: Flame Tongue (safe; 3% risk of failure)
Press: ? - help, Shift-Dir - straight line, f - goblin
Aim: a goblin The flame tongue hits the goblin.
The goblin is heavily wounded.
Casting: Flame Tongue (safe; 3% risk of failure)
Confirm with . or Enter, or press ? or * to list all spells.
You don't have enough magic to cast that spell.
You barely miss the goblin.
The goblin is heavily wounded.
The goblin barely misses you.
You barely miss the goblin.
The goblin is heavily wounded.
The goblin barely misses you.
You closely miss the goblin.
The goblin is heavily wounded.
The goblin misses you.
You hit the goblin but do no damage.
The goblin is moderately wounded.
The goblin closely misses you.
You hit the goblin but do no damage.
The goblin is moderately wounded.
The goblin closely misses you.
Casting: Flame Tongue (safe; 3% risk of failure)
Confirm with . or Enter, or press ? or * to list all spells.
Aiming: Flame Tongue (safe; 3% risk of failure)
Press: ? - help, Shift-Dir - straight line, f/p - goblin
Aim: a goblin (moderately wounded)
The flame tongue hits the goblin.
You kill the goblin!
Your Spellcasting skill increases to level 4!
Your Fire Magic skill increases to level 4!
The kobold throws a stone.
The stone hits you but does no damage. The kobold closely misses you.
Things that are here:
a dart slug corpse; a bat corpse You completely miss the kobold.
You hit the kobold but do no damage. The kobold hits you with a club.
You hit the kobold but do no damage. The kobold hits you but does no damage.
You hit the kobold but do no damage. The kobold hits you with a club.
Ouch! That really hurt!
You die...

▓+▓
▓.▓
▓.▓
▓K▓
▓@▓
▓(▓
▓'▓
▓.▓
▓.▓
▓.▓
▓<▓
▓▓▓


You could see a kobold.

Vanquished Creatures
  A dart slug (D)
  A bat (D)
  A goblin (D)
  A frilled lizard (D)
4 creatures vanquished.

Notes
Turn   | Place    | Note
-------+----------+-------------------------------------------
     0 | D        | Mgcat the Deep Elf Fire Elementalist began the quest for the Orb.
     0 | D        | Reached XP level 1. HP: 10/10 MP: 6/6
    18 | D        | Reached skill level 2 in Conjurations
    25 | D        | Reached skill level 4 in Spellcasting
    25 | D        | Reached skill level 4 in Fire Magic
    30 | D        | Slain by a kobold

Vault maps used:
D:        linesprint

Skill      XL: |  1 |
---------------+----+-----
Conjurations   | 2 |  2.3
Spellcasting   | 4 |  4.1
Fire Magic     | 4 |  4.0
Dodging        | |  2.4
Stealth        | |  2.4

Action                   || total
-------------------------++-------
Melee: Unarmed           ||    17
 Cast: Flame Tongue      ||     7
 Stab: Sleeping          ||     1
Armor: Robe              ||     2
Dodge: Dodged            ||    18

Table legend:
 A = Spawn XP
 B = Non-spawn XP
 C = Spawn XP percentage of total XP
 D = Spawn monster count
 E = Non-spawn monster count
 F = Spawn count percentage of total count
 G = Total turns spent on level
                    A         B        C        D         E        F      G
               +---------+---------+-------+---------+---------+-------+---------
         Total |       0 |       9 |   0.0 |       0 |       4 |   0.0 |    30
               +---------+---------+-------+---------+---------+-------+---------
             D |       0 |       9 |   0.0 |       0 |       4 |   0.0 |    30
               +---------+---------+-------+---------+---------+-------+---------

Vault maps used:
D:        linesprint

Table legend:
 A = Turns spent in this place as a percentage of turns spent in the entire game.
 B = Non-inter-level travel turns spent in this place as a percentage of non-inter-level travel turns spent in the entire game.
 C = Inter-level travel turns spent in this place as a percentage of turns spent in this place.
 D = Turns resting spent in this place as a percentage of non-inter-level travel turns spent in this place.
 E = Turns spent auto-exploring this place as a percentage of non-inter-level travel turns spent in this place.
 F = Non-inter-level travel turns spent in this place divided by the number of levels of this place that you've seen.
                   A       B       C       D       E      F
               +-------+-------+-------+-------+-------+----------------------
         Total | 100.0 | 100.0 |   0.0 |   0.0 |   0.0 |  30.0
       Dungeon | 100.0 | 100.0 |   0.0 |   0.0 |   0.0 |  30.0
               +-------+-------+-------+-------+-------+----------------------

Table legend:
 A = Kills in this place as a percentage of kills in entire the game.
 B = Kills by you in this place as a percentage of kills by you in the entire game.
 C = Kills by friends in this place as a percentage of kills by friends in the entire game.
 D = Other kills in this place as a percentage of other kills in the entire game.
 E = Experience gained in this place as a percentage of experience gained in the entire game.
 F = Experience gained in this place divided by the number of levels of this place that you have seen.
                   A       B       C       D       E      F
               +-------+-------+-------+-------+-------+----------------------
         Total | 100.0 | 100.0 |   N/A |   N/A | 100.0 |   9.0
       Dungeon | 100.0 | 100.0 |   N/A |   N/A | 100.0 |   9.0
               +-------+-------+-------+-------+-------+----------------------
